 Dungeon Crawl Stone Soup version 0.30-a0-782-ge64f9170bb (webtiles) character file.

Game seed: 14057124679569336979

68 sanka the Digger (level 3, 0/26 HPs)
             Began as a Demigod Wanderer on Feb 24, 2023.
             Slain by Grinder (6 damage)
             ... on level 3 of the Dungeon.
             The game lasted 00:02:32 (1887 turns).

sanka the Digger (Demigod Wanderer)                 Turns: 1887, Time: 00:02:32

Health: 0/26       AC:  6    Str: 10    XL:     3   Next: 73%
Magic:  5/9        EV: 11    Int: 22    God:
Gold:   58         SH:  0    Dex: 12    Spells: 5/6 levels left

rFire   . . .      SeeInvis .    i - +0 war axe
rCold   . . .      Faith    .    (no shield)
rNeg    . . .      Spirit   .    c - +0 robe
rPois   .          Reflect  .    q - +0 helmet
rElec   .          Harm     .    (no cloak)
rCorr   .          Rampage  .    g - +2 pair of gloves
Will    .....                    (no boots)
Stlth   ++                       f - amulet of regeneration
HPRegen 1.04/turn                p - ring of flight
MPRegen 0.11/turn                (no ring)

@: flying
A: high MP 1, forlorn, divine attributes
a: no special abilities


You were on level 3 of the Dungeon.
You visited 1 branch of the dungeon, and saw 3 of its levels.

You collected 58 gold pieces.


Innate Abilities, Weirdness & Mutations

You have an increased reservoir of magic. (+10% MP)
You shall have no god before yourself.
Your divine heritage dramatically boosts your attributes as you level up.


   Skills:
 - Level 1.7 Throwing
 - Level 1.7 Stealth
 + Level 2.3 Spellcasting
 - Level 1.7 Air Magic
 + Level 3.0 Earth Magic
 - Level 1.0 Evocations


You had 5 spell levels left.
You knew the following spells:

 Your Spells              Type           Power      Damage    Failure   Level
z - Sandblast             Erth           32%        2d9       3%          1

Your spell library contained the following spells:

 Spells                   Type           Power      Damage    Failure   Level
 Shock                    Conj/Air       24%        1d4       10%         1
 Swiftness                Air            10%        N/A       19%         3
 Leda's Liquefaction      Hex/Erth       4%         N/A       56%         4
 Petrify                  Tmut/Erth      9%         N/A       56%         4

Inventory:

Hand Weapons
 a - a +0 dagger
 i - a +0 war axe (weapon)
Armour
 c - a +0 robe (worn)
 g - a +2 pair of gloves (worn)
 q - a +0 helmet (worn)
Jewellery
 f - an amulet of regeneration (around neck)
 p - a ring of flight (left hand)
Scrolls
 d - a scroll of teleportation {unknown}
 h - 2 scrolls of fog {unknown}
 k - a scroll of magic mapping {unknown}
 m - a scroll of noise {unknown}
 n - a scroll of brand weapon {unknown}
Potions
 b - 2 potions of lignification {!q}
 e - a potion of haste {unknown}
 j - a potion of brilliance {unknown}
 l - a potion of degeneration {unknown}
 o - a potion of berserk rage {unknown}

Dungeon Overview and Level Annotations

Branches:
Dungeon (3/15)

Annotations:
D:3 Grinder

▒▒ ▒▒▒▒▒▒▒▒▒▒
.▒ . ▒........▒
.▒▒▒▒.
▒........▒
......
▒...<5...▒▒
▒▒....▒
▒▒▒▒▒p....▒
▒.▒...▒▒
▒.....▒
▒.▒)....
▒.....▒▒▒▒▒..)▒
▒......).)..▒▒▒
▒)....▒▒▒▒▒▒▒
▒.....▒ ▒▒▒▒▒▒▒


You could see Grinder.


Message History

There is a stone staircase leading down here.
Unknown command.
You start resting.
Magic restored.
You fly downwards.
Level annotation: Grinder Grinder shouts!
There is a stone staircase leading up here.
Unknown command.
Grinder blinks!
The blast of sand hits Grinder.
Grinder is lightly wounded.
Grinder hits you.
You writhe in agony.
The blast of sand misses Grinder.
Grinder hits you.
* * * LOW HITPOINT WARNING * * *
The blast of sand hits Grinder!
Grinder is moderately wounded.
Grinder closely misses you. Grinder hits you.
* * * LOW HITPOINT WARNING * * *
You writhe in agony.
* * * LOW HITPOINT WARNING * * *
The blast of sand hits Grinder!
Grinder is severely wounded.
Grinder hits you.
* * * LOW HITPOINT WARNING * * *
You writhe in agony.
You die...

Action                     || total
---------------------------++-------
  Melee: War axe           ||     2
   Cast: Sandblast         ||    68
 Armour: Robe              ||    17
  Dodge: Dodged            ||    26

Levels and vault maps discovered:
D:1:      lightli_arrival_flooded_house, layout_loops_cross, st_stairs_14
D:2:      layout_basic, basic_altar
D:3:      layout_basic, serial_shops, nicolae_shop_trees, minmay_distorted,
          uniq_grinder

Notes
Turn   | Place    | Note
-------+----------+-------------------------------------------
     0 | D:1      | sanka the Demigod Wanderer began the quest for the Orb.
     0 | D:1      | sanka set off with the following items: a +0 dagger, a
                  | potion of lignification {!q}, a +0 robe, a +0 pair of
                  | gloves; and the following spells available to memorise:
                  | Sandblast, Shock, Swiftness, Leda's Liquefaction, Petrify.
     0 | D:1      | Reached XP level 1. HP: 14/14 MP: 4/4
     2 | D:1      | Learned a level 1 spell: Sandblast
   109 | D:1      | Reached skill level 2 in Earth Magic
   351 | D:1      | Reached XP level 2. HP: 20/20 MP: 4/6
  1112 | D:2      | Reached skill level 2 in Spellcasting
  1112 | D:2      | Reached XP level 3. HP: 18/26 MP: 4/8
  1796 | D:3      | Reached skill level 3 in Earth Magic
  1803 | D:3      | Noticed Grinder
  1887 | D:3      | Slain by Grinder

Vanquished Creatures
  3 adders (D:2)
  5 orcs (D:3)
  5 endoplasms (D:1)
  3 hobgoblins (D:1)
  7 ball pythons
  A bat (D:2)
  3 frilled lizards
  4 goblins
  5 kobolds
  3 rats
39 creatures vanquished.
